 Dungeon Crawl Stone Soup version 0.19.1-1-g22dce08 (webtiles) character file.

65 Peloso the Slasher (level 4, 0/37 HPs)
             Began as a Ghoul Gladiator on Dec 31, 2016.
             Shot with an arrow by a centaur (9 damage)
             ... on level 3 of the Dungeon.
             The game lasted 00:02:13 (1739 turns).

Peloso the Slasher (Ghoul Gladiator)                Turns: 1739, Time: 00:02:14

Health: 0/37       AC:  4    Str: 18    XL:     4   Next: 13%
Magic:  3/3        EV: 12    Int:  3    God:
Gold:   81         SH:  0    Dex: 10    Spells: 0 memorised, 3 levels left

rFire  . . .     SeeInvis .     a - +0 long sword
rCold  + . .     Gourm    .     b - +0 leather armour
rNeg   + + +     Faith    .     (no shield)
rPois  ∞         Spirit   .     c - +0 helmet
rElec  .         Reflect  .     (no cloak)
rCorr  .         Harm     .     (no gloves)
MR     .....                    (no boots)
Stlth  +.........               (no amulet)
                                (no ring)
                                (no ring)

@: rotting
A: rotting body, claws 1, carnivore 3, cold resistance 1, negative energy
resistance 3, slow regeneration 1, torment resistance, unbreathing
a: no special abilities


You were on level 3 of the Dungeon.
You were not hungry.

You visited 1 branch of the dungeon, and saw 3 of its levels.

You collected 81 gold pieces.

Inventory:

Hand Weapons
 a - a +0 long sword (weapon)
Missiles
 d - 3 throwing nets (quivered)
Armour
 b - a +0 leather armour (worn)
 c - a +0 helmet (worn)
Scrolls
 e - 2 scrolls of remove curse {unknown}
 h - 3 scrolls of identify {unknown}
 i - 2 scrolls of noise {unknown}
 j - 3 scrolls of blinking {unknown}
 m - a scroll of magic mapping {unknown}
 n - a scroll of recharging {unknown}
Potions
 g - 2 potions of invisibility {unknown}
 k - a potion of curing {unknown}
 l - a potion of mutation {unknown}
 o - a potion of heal wounds {unknown}
 p - a potion of flight {unknown}
 q - a potion of agility {unknown}
 s - a potion of might {unknown}
Comestibles
 f - 3 meat rations
 r - a beef jerky


   Skills:
 + Level 2.5 Fighting
 + Level 3.6 Long Blades
 + Level 1.7 Throwing
 + Level 0.8 Armour
 + Level 3.1 Dodging
 + Level 0.2 Stealth


You had 3 spell levels left.
You didn't know any spells.

Dungeon Overview and Level Annotations

Branches:
Dungeon (3/15)

Altars:
Fedhas
Xom


Innate Abilities, Weirdness & Mutations

Your body is rotting away.
You thrive on raw meat.
You are immune to poison.
You have sharp fingernails.
You are carnivorous and can eat meat at any time.
Your flesh is cold resistant. (rC+)
You are immune to negative energy. (rN+++)
You regenerate slowly when monsters are visible.
You are immune to unholy pain and torment.
You can survive without breathing.


Message History

Found a leather armour.
Found a stone staircase leading down.
Found 12 bolts.
Found an escape hatch in the floor.
h - 3 scrolls labeled UXTOIREINI (gained 1)
You see here a leather armour.
Found a pair of boots.
Found a stone staircase leading down.
s - a pink potion A centaur comes into view.
The centaur shouts!
The centaur wields a shortbow.
The centaur shoots an arrow.
The arrow hits you.
Found 22 bolts.
You see here an arrow.
The centaur shoots an arrow.
The arrow hits you.
The centaur shoots an arrow.
The arrow hits you!
You see here an arrow.
The centaur shoots an arrow.
The arrow hits you!
* * * LOW HITPOINT WARNING * * *
You see here an arrow.
The centaur shoots an arrow.
The arrow hits you!
You die...

>.... ##...#
.....####....###
...............#
.........###....#
.........####...# ###
......#....#....# (.
.#......####...##.#
.###..#..###.....#c#####
## ##.#.........@......#
# ##......###.(.####.# #
#.#.....[##...# .#
#.####....##.(.## ..#.#
#...###(...# ..#
#..........# #.#
###........# #.
####.##.## #........


You could see a centaur.

Vanquished Creatures
  Natasha (D:3)
  2 adders
  A dart slug (D:1)
  A leopard gecko (D:2)
  A goblin (D:2)
  4 hobgoblins (D:1)
  3 jackals (D:1)
  A bat (D:3)
  2 frilled lizards (D:1)
  3 kobolds
  3 rats
22 creatures vanquished.

Notes
Turn   | Place    | Note
-------+----------+-------------------------------------------
     0 | D:1      | Peloso the Ghoul Gladiator began the quest for the Orb.
     0 | D:1      | Reached XP level 1. HP: 17/17 MP: 0/0
   117 | D:1      | Reached XP level 2. HP: 17/24 MP: 1/1
   416 | D:1      | Found a shimmering altar of Xom.
   772 | D:2      | Reached XP level 3. HP: 27/30 MP: 2/2
  1181 | D:2      | Found a blossoming altar of Fedhas.
  1524 | D:3      | Noticed Natasha
  1541 | D:3      | Killed Natasha
  1541 | D:3      | Reached XP level 4. HP: 5/36 MP: 3/3
  1735 | D:3      | Noticed a centaur
  1739 | D:3      | Shot with an arrow by a centaur

Skill      XL: |  1  2  3 |
---------------+----------+-----
Long Blades    | 3 |  3.6
Dodging        | 3 |  3.1
Fighting       | |  2.5
Throwing       | |  1.7
Armour         | |  0.8
Stealth        | |  0.2

Action                   |  1- 3 |  4- 6 || total
-------------------------+-------+-------++-------
Melee: Long sword        |    79 |       ||    79
  Eat: Chunk             |     4 |     2 ||     6
Armor: Leather armour    |    27 |       ||    27
Dodge: Dodged            |    64 |       ||    64
       Rpst.: Long sword |    20 |       ||    20
